 Dungeon Crawl Stone Soup version 0.27.0-66-gdc8fb28755 (webtiles) character file.

Game seed: 2627363910629498326

46 Malachi the Magician (level 3, 0/28 HPs)
             Began as a Djinni Hedge Wizard on Aug 20, 2021.
             Slain by a rat (3 damage)
             ... on level 2 of the Dungeon.
             The game lasted 00:03:03 (2221 turns).

Malachi the Magician (Djinni Hedge Wizard)          Turns: 2221, Time: 00:03:04

Health: 0/28       AC:  2    Str:  9    XL:     3   Next: 95%
Gold:   46         EV: 12    Int: 16    God:
                   SH:  0    Dex: 12

rFire    + + .     SeeInvis .   e - +0 short sword (elec)
rCold    x . .     Faith    .   (no shield)
rNeg     . . .     Spirit   .   b - +0 robe
rPois    ∞         Reflect  .   c - +0 hat
rElec    .         Harm     .   (no cloak)
rCorr    .         Rampage  .   (no gloves)
Will     .....                  (boots unavailable)
Stlth    ++........             (no amulet)
HPRegen  0.09/turn              (no ring)
MPRegen  0.00/turn              (no ring)

@: flying
A: sickness immunity, fire resistance 2, cold vulnerability 1, float, innate
caster, hp casting, extra vitality 1
a: no special abilities


You were on level 2 of the Dungeon.
You visited 1 branch of the dungeon, and saw 2 of its levels.

You collected 46 gold pieces.

Inventory:

Hand Weapons
 a - a +0 dagger
 e - a +0 short sword of electrocution (weapon)
 f - a +0 dagger of draining
Armour
 b - a +0 robe (worn)
 c - a +0 hat (worn)
Potions
 d - a potion of invisibility {unknown}
 g - a potion of heal wounds {unknown}
 j - a potion of ambrosia {unknown}


   Skills:
 + Level 1.9 Fighting
 - Level 2.2 Dodging
 - Level 1.5 Stealth
 + Level 3.1 Spellcasting


You couldn't memorise any spells.
You knew the following spells:

 Your Spells              Type           Power      Damage    Failure   Level
a - Magic Dart            Conj           48%        1d5       4%          1
b - Blink                 Tloc           N/A        N/A       8%          2
c - Call Imp              Summ           12%        N/A       8%          2
d - Slow                  Hex            12%        N/A       8%          2
e - Conjure Flame         Conj/Fire      12%        6-21      16%         3
f - Mephitic Cloud        Conj/Pois/Air  12%        N/A       16%         3
g - Freeze                Ice            48%        1d7       4%          1
Your spell library was empty.

Dungeon Overview and Level Annotations

Branches:
Dungeon (2/15)

Altars:

Annotations:
D:2 Jessica


Innate Abilities, Weirdness & Mutations

You are immune to sickness and miasma.
You are immune to poison.
Your flesh is very heat resistant. (rF++)
You are vulnerable to cold. (rC-)
You float through the air rather than walking.
You learn spells naturally, not from books.
Your magical power is your life essence.
You have superior vitality. (+4 HP)


Message History

Your crimson imp closely misses the gnoll.
Unknown command.
Sorry, you're not good enough to have a special ability.
Unknown command.
Unknown command.
What are your orders? t - Shout!
Orders for allies: a - Attack new target. p - Attack previous target. r - Retreat! s - Stop attacking. g - Guard the area. f - Follow me.
Anything else - Cancel.
Gang up on whom?
Press: ? - help, Dir - move target, f/p - gnoll
Aim: a gnoll, wielding a +0 spear (heavily wounded, ally target) Attack!
A rat comes into view.
Your crimson imp barely misses the gnoll.
Jessica the Apprentice Sorceress comes into view.
She is wielding a +0 dagger.
Jessica shouts!
Your crimson imp disappears in a puff of smoke!
Your crimson imp hits the gnoll.
Your crimson imp blinks!
Found a stone staircase leading down.
You see here a book of Flames.
Your crimson imp blinks!
The gnoll closely misses you. The gnoll hits you with a +0 spear.
* * * LOW HITPOINT WARNING * * *
Your crimson imp barely misses the gnoll.
The rat bites you but does no damage.
The gnoll hits you from afar with a +0 spear.
* * * LOW HITPOINT WARNING * * *
You swap places.
Your crimson imp hits the gnoll but does no damage.
Your crimson imp misses Jessica.
The gnoll hits you with a +0 spear.
* * * LOW HITPOINT WARNING * * *
You swap places.
Jessica mumbles some strange words.
Jessica blinks!
Your crimson imp hits the gnoll. x2; The rat bites you.
You die...

. #.. #..# ...
#.##...# ##.#
####.....# .....
#........# .....#
#.......#
......##..:....#
........5g.....#
.......r55.....#
........@......#
...............####
..)..#............##
........<.....@....##
...##...............#
...g .##
#...............# ...
#...............# ...
#...(...........# ..
#...............#


You could see a gnoll (ally target), Jessica, a rat and 3 friendly crimson imps.

Vanquished Creatures
  A gnoll (D:2)
  2 worms (D:2)
  4 endoplasms
  2 giant cockroaches
  3 goblins (D:1)
  2 hobgoblins
  2 quokkas (D:1)
  2 ball pythons
  3 bats (D:1)
  A frilled lizard (D:1)
  6 kobolds (D:1)
  A rat (D:1)
29 creatures vanquished.

Notes
Turn   | Place    | Note
-------+----------+-------------------------------------------
     0 | D:1      | Malachi the Djinni Hedge Wizard began the quest for the
                  | Orb.
     0 | D:1      | Reached XP level 1. HP: 15/15 MP: 0/0
   250 | D:1      | Reached XP level 2. HP: 17/21 MP: 0/0
   647 | D:1      | Reached skill level 1 in Fighting
   788 | D:1      | Reached XP level 3. HP: 17/27 MP: 0/0
   788 | D:1      | Learned a level 1 spell: Freeze
  1293 | D:2      | Reached skill level 3 in Spellcasting
  2214 | D:2      | Noticed Jessica
  2221 | D:2      | Slain by a rat

Illustrated notes

Levels and vault maps discovered:
D:1:      dpeg_arrival_renting, layout_basic
D:2:      layout_rooms, uniq_jessica

Skill      XL: |  1  2  3 |
---------------+----------+-----
Fighting       | 1 |  1.9
Spellcasting   | 3 |  3.1
Dodging        | |  2.2
Stealth        | |  1.5

Action                   || total
-------------------------++-------
Melee: Short sword       ||     5
 Cast: Magic Dart        ||    80
       Call Imp          ||     5
       Conjure Flame     ||     2
  Use: Scroll            ||     3
Armor: Robe              ||     5
Dodge: Dodged            ||    16
